 Dungeon Crawl Stone Soup version 0.23.2-1-ga50397a (webtiles) character file.

Game seed: 8281330279338934360

2 MalarOregon the Digger (level 1, -1/14 HPs)
             Began as a Ghoul Earth Elementalist on May 26, 2019.
             Slain by a jackal (2 damage)
             ... on level 1 of the Dungeon.
             The game lasted 00:01:50 (345 turns).

MalarOregon the Digger (Ghoul Earth Elementalist)    Turns: 345, Time: 00:01:50

Health: -1/14      AC:  2    Str: 11    XL:     1   Next: 40%
Magic:  0/2        EV: 12    Int: 10    God:
Gold:   0          SH:  0    Dex:  9    Spells: 2/3 levels left

rFire    . . .     SeeInvis .   a - -2 dagger (curse)
rCold    + . .     Gourm    .   (no shield)
rNeg     + + +     Faith    .   c - +0 robe
rPois    ∞         Spirit   .   (no helmet)
rElec    .         Reflect  .   (no cloak)
rCorr    .         Harm     .   (no gloves)
MR       .....                  (no boots)
Stlth    ++........             (no amulet)
HPRegen  0.00/turn              (no ring)
MPRegen  0.08/turn              (no ring)

@: rotting
A: rotting body, claws 1, carnivore, cold resistance 1, negative energy
resistance 3, inhibited regeneration, torment resistance, unbreathing
a: no special abilities


You were on level 1 of the Dungeon.
You were not hungry.

You visited 1 branch of the dungeon, and saw 1 of its levels.

Inventory:

Hand Weapons
 a - a cursed -2 dagger (weapon)
   (You found it on level 1 of the Dungeon)
Missiles
 b - 28 stones (quivered)
Armour
 c - a +0 robe (worn)
Scrolls
 d - 2 scrolls of identify {unknown}
Comestibles
 e - 2 rations {!d}


   Skills:
 + Level 1.8 Dodging
 + Level 2.3 Stealth
 + Level 1.8 Spellcasting
   Level 0.8 Transmutations
 + Level 3.3 Earth Magic


You had 2 spell levels left.
You knew the following spells:

 Your Spells              Type           Power        Failure   Level  Hunger
a - Sandblast             Erth           #.....       9%          1    ##.....

Your spell library contained the following spells:

 Spells                   Type           Power        Failure   Level  Hunger
 Passwall                 Tmut/Erth      #.......     21%         2    ###....
 Stone Arrow              Conj/Erth      #.....       43%         3    ####...
 Petrify                  Tmut/Erth      #.......     80%         4    #####..
 Lee's Rapid Deconstruct  Erth           #.........   92%         5    ######.


Dungeon Overview and Level Annotations

Branches:
Dungeon (1/15)

Altars:


Innate Abilities, Weirdness & Mutations

Your body is rotting away.
You thrive on raw meat.
You are immune to poison.
You have sharp fingernails.
You are carnivorous and can eat meat at any time.
Your flesh is cold resistant. (rC+)
You are immune to negative energy. (rN+++)
You do not regenerate when monsters are visible.
You are immune to unholy pain and torment.
You can survive without breathing.


Message History

The jackal barks!
The bat barely misses you.
Found 12 gold pieces.
The bat closely misses you. x2
The bat hits you but does no damage.
You hit the bat. The bat misses you. The bat barely misses you.
You barely miss the bat. The bat hits you. The jackal bites you.
You closely miss the jackal. The jackal closely misses you.
The jackal misses you.
You closely miss the jackal. The jackal closely misses you.
You closely miss the jackal. The jackal closely misses you.
You hit the jackal. The jackal closely misses you.
The jackal barely misses you.
You hit the jackal but do no damage. The jackal bites you.
You barely miss the jackal. The jackal closely misses you.
The jackal barely misses you.
You closely miss the jackal. The jackal closely misses you.
You hit the jackal but do no damage. The jackal closely misses you.
You closely miss the jackal. The jackal bites you.
* * * LOW HITPOINT WARNING * * *
A jackal comes into view.
The jackal bites you.
* * * LOW HITPOINT WARNING * * *
Aim: a jackal The blast of sand hits the jackal.
b - 29 stones The jackal barks!
You hear a bark!
The jackal bites you.
* * * LOW HITPOINT WARNING * * *
Aim: a jackal (almost dead)
The blast of sand hits the jackal.
You kill the jackal!
b - 28 stones The bat barely misses you.
Unknown command.
You don't have enough magic to cast that spell.
You hit the jackal. The jackal barely misses you.
Unknown command.
You hit the jackal but do no damage. The jackal closely misses you. x2
You closely miss the jackal. The jackal barely misses you.
You closely miss the jackal. The jackal barely misses you.
You hit the jackal but do no damage. The jackal misses you.
The jackal bites you.
* * * LOW HITPOINT WARNING * * *
Found 12 gold pieces and a ration.
The bat barely misses you. The bat closely misses you.
The bat closely misses you. The jackal bites you.
You die...

......#### .........#
#........# .... #........#
..>. #......... .....
##......... .....
#.h.......######## ......
#.#h......##..<..## .h....#
#h#@.b...$#.......#
.K..h..##.#.......#.......#
............#.....#......§#
......##..#.......#..≈≈≈..#
##.#####..#.##.$..#.≈§§§§.#
#.....#.# .##.#.§≈§≈≈.#
#.##.###.#.# .# .#.§§>≈≈.#
##....###.#.# #.≈≈$§≈.#
..).#.......# #.≈≈≈≈≈.#


You could see 2 jackals and a bat.

Vanquished Creatures
  A jackal (D:1)
  A goblin (D:1)
  A kobold (D:1)
3 creatures vanquished.

Notes
Turn   | Place    | Note
-------+----------+-------------------------------------------
     0 | D:1      | MalarOregon the Ghoul Earth Elementalist began the quest
                  | for the Orb.
     0 | D:1      | Reached XP level 1. HP: 14/14 MP: 2/2
   345 | D:1      | Slain by a jackal

Action                   || total
-------------------------++-------
Melee: Dagger            ||    29
 Cast: Sandblast         ||     2
Armor: Robe              ||     1
Dodge: Dodged            ||    32
